 Dungeon Crawl Stone Soup version 0.29.1-1-gd02db6906a (webtiles) character file.

Game seed: 13132935635098092044

326 Descartes the Sneak (level 6, -6/28 HPs)
             Began as a Spriggan Fire Elementalist on Sept 18, 2022.
             Mangled by a wyvern zombie (11 damage)
             ... in an ossuary.
             The game lasted 00:08:07 (3913 turns).

Descartes the Sneak (Spriggan Fire Elementalist)    Turns: 3913, Time: 00:08:08

Health: -6/28      AC:  5    Str:  4    XL:     6   Next: 24%
Magic:  4/13       EV: 19    Int: 18    God:
Gold:   130        SH:  0    Dex: 16    Spells: 12/13 levels left

rFire   . . .      SeeInvis +   p - +0 dagger
rCold   + . .      Faith    .   (no shield)
rNeg    . . .      Spirit   .   c - +2 robe {rC+}
rPois   .          Reflect  .   (helmet restricted)
rElec   .          Harm     .   q - +0 cloak
rCorr   .          Rampage  .   (gloves unavailable)
Will    +....                   (boots unavailable)
Stlth   +++.......              (no amulet)
HPRegen 0.09/turn               (no ring)
MPRegen 0.13/turn               (no ring)

@: very quick
A: very small, no large weapons, unfitting armour, see invisible, speed 3
a: no special abilities


You were in an ossuary.
You visited 1 branch of the dungeon, and saw 4 of its levels.
You also visited: Ossuary.

You collected 130 gold pieces.

Inventory:

Hand Weapons
 p - a +0 dagger (weapon)
Missiles
 h - 5 curare-tipped darts (quivered)
 j - 21 stones
Armour
 c - a +2 robe of cold resistance (worn)
 e - a scarf of shadows
 q - a +0 cloak (worn)
Wands
 o - a wand of polymorph (8)
Scrolls
 f - a scroll of brand weapon
 k - a scroll of fear
 l - a scroll of summoning
Potions
 d - 2 potions of brilliance
 g - a potion of invisibility {unknown}
 i - a potion of heal wounds {unknown}
 n - a potion of haste {unknown}


   Skills:
 + Level 4.6 Dodging
 + Level 5.2 Stealth
 + Level 4.2 Spellcasting
 + Level 2.1 Conjurations
 + Level 3.3 Fire Magic


You had 12 spell levels left.
You knew the following spells:

 Your Spells              Type           Power      Damage    Failure   Level
a - Foxfire               Conj/Fire      52%        2x1d6     4%          1

Your spell library contained the following spells:

 Spells                   Type           Power      Damage    Failure   Level
 Scorch                   Fire           32%        2d7       5%          2
 Conjure Flame            Conj/Fire      13%        6-21      14%         3
 Inner Flame              Hex/Fire       9%         N/A       22%         3
 Flame Wave               Conj/Fire      13%        2d6       43%         4
 Hailstorm                Conj/Ice       7%         3d4       67%         4
 Animate Dead             Necr           3%         N/A       82%         4
 Ice Form                 Ice/Tmut       3%         N/A       82%         4
 Simulacrum               Ice/Necr       1%         N/A       100%        6
 Haunt                    Necr/Summ      1%         N/A       100%        7
 Infestation              Necr           1%         N/A       100%        8


Dungeon Overview and Level Annotations

Branches:
Dungeon (4/15)            Ossuary (1/1)
 Temple: D:4-7

Altars:
Gozag

Shops:
D:2 **   D:3 [


Innate Abilities, Weirdness & Mutations

You are very small and have problems with some larger weapons.
You are too small for most types of armour.
You have supernaturally acute eyesight. (SInv)
You cover ground extremely quickly. (Speed+++)


Message History

The foxfire hits the wyvern zombie.
The wyvern zombie is moderately damaged.
The killer bee zombie hits you.
The foxfire hits the wyvern zombie but does no damage.
The wyvern zombie is moderately damaged.
The killer bee zombie completely misses you.
The wyvern zombie bites you! The mummy completely misses you.
Unknown command.
Casting: Foxfire (safe; 4% risk of failure)
Confirm with . or Enter, or press ? or * to list all spells.
You conjure some foxfire!
The killer bee zombie closely misses you.
The wyvern zombie bites you but does no damage.
The killer bee zombie hits you but does no damage.
The mummy closely misses you.
Casting: Foxfire (safe; 4% risk of failure)
Confirm with . or Enter, or press ? or * to list all spells.
You conjure some foxfire!
The killer bee zombie hits you!
* * * LOW HITPOINT WARNING * * *
The wyvern zombie closely misses you.
The killer bee zombie closely misses you.
The wyvern zombie closely misses you.
The foxfire hits the mummy.
The mummy is burned terribly!
You destroy the mummy!
The foxfire hits the wyvern zombie but does no damage.
The wyvern zombie is moderately damaged.
The foxfire hits the wyvern zombie.
The wyvern zombie is heavily damaged.
The foxfire hits the killer bee zombie.
The killer bee zombie is lightly damaged.
There is a gate leading back out of this place here.
Casting: Foxfire (safe; 4% risk of failure)
Confirm with . or Enter, or press ? or * to list all spells.
You conjure some foxfire!
The foxfire hits the wyvern zombie but does no damage.
The wyvern zombie is heavily damaged.
The killer bee zombie completely misses you.
Your foxfire dissipates!
The killer bee zombie misses you. The wyvern zombie bites you!
You die...

#####
#∩@§#
#ZZ.#
#Z..#
##'##
~.~
~~~.#
.#P#P#
#~#~
## ≈
##


You could see a wyvern zombie, a killer bee zombie and a howler monkey zombie.

Vanquished Creatures
  A water moccasin zombie (Ossuary)
  A centaur zombie (Ossuary)
  An orc priest (D:3)
  2 mummies (Ossuary)
  2 orc wizards (D:3)
  2 killer bee zombies (Ossuary)
  An adder (D:2)
  A worm zombie (D:4)
  A worm (D:2)
  2 dart slugs (D:3)
  3 orcs (D:3)
  3 endoplasms
  4 goblins
  9 hobgoblins
  5 kobolds
  4 quokkas
  8 ball pythons
  6 bats
  4 frilled lizards
  3 rats
63 creatures vanquished.

Vanquished Creatures (others)
  343 foxfires
  2 withered plants (Ossuary)
345 creatures vanquished.

Grand Total: 408 creatures vanquished

Notes
Turn   | Place    | Note
-------+----------+-------------------------------------------
     0 | D:1      | Descartes the Spriggan Fire Elementalist began the quest
                  | for the Orb.
     0 | D:1      | Reached XP level 1. HP: 9/9 MP: 5/5
   305 | D:1      | Reached XP level 2. HP: 13/13 MP: 1/6
   528 | D:1      | Found a faded altar of an unknown god.
   654 | D:1      | Reached skill level 1 in Conjurations
   989 | D:2      | Found Odam's General Store.
  1143 | D:2      | Reached XP level 3. HP: 16/16 MP: 3/8
  1722 | D:2      | Found Lefuusus's Assorted Antiques.
  2382 | D:3      | Found Gikkepna's Armour Emporium.
  2723 | D:3      | Reached skill level 4 in Stealth
  2723 | D:3      | Reached XP level 4. HP: 21/21 MP: 1/10
  2958 | D:3      | Found an opulent altar of Gozag.
  3132 | D:3      | Reached XP level 5. HP: 24/24 MP: 1/11
  3827 | D:4      | Found a sand-covered staircase.
  3843 | Ossuary  | Entered an ossuary
  3883 | Ossuary  | Reached skill level 5 in Stealth
  3895 | Ossuary  | Reached XP level 6. HP: 15/28 MP: 6/13
  3913 | Ossuary  | Mangled by a wyvern zombie

Illustrated notes

Levels and vault maps discovered:
D:1:      reono_arrival_forest_river, layout_loops_cross,
          ebering_ecumenical_altar_box
D:2:      layout_loops_ring, serial_shops, nicolae_shop_waterfront,
          nicolae_shop_advertising_works [nicolae_subvault_shop_adworks],
          nrook_uturn
D:3:      layout_basic, general_overflow_altar, serial_shops, shop
D:4:      layout_layer_cave, enter_ossuary_3
Ossuary:  ossuary_zaba_flooded

Skill      XL: |  1  2  3  4  5 |
---------------+----------------+-----
Dodging        | 3 4 |  4.6
Conjurations   | 1 2 |  2.1
Spellcasting   | 3 4 |  4.2
Stealth        | 4 5 |  5.2
Fire Magic     | 3 |  3.3

Action                   |  1- 3 |  4- 6 || total
-------------------------+-------+-------++-------
Melee: Unarmed           |     1 |       ||     1
       Dagger            |       |    14 ||    14
Throw: Dart              |     1 |       ||     1
 Cast: Foxfire           |   127 |    75 ||   202
  Use: Scroll            |       |     5 ||     5
       Potion            |       |     7 ||     7
Armor: Robe              |     2 |    14 ||    16
Dodge: Dodged            |    17 |    95 ||   112
